AoeStats
← aextropical#0420

Arabia

510355291Analyzed
1v1 RM · 15h ago on Sep 30, 2026· 57m 37s· 2 players
Game mode
Random Map
Map size
Tiny (2 player)
Population
200
Speed
Normal
Resources
Standard
Victory
Conquest
Starting age
Dark Age
Ending age
Imperial Age
RankedLock teamsTeams togetherTeam positionsShared explorationLock speedFull tech treeHidden civsTurbo modeCheats
Victory
Defeat
🇺🇸 Maya · United States
1022
+15
🇧🇷 Magyars · Brazil
998
-15
novasky
9:15 Loom
11:00 Feudal Age
13:05 Double-Bit Axe
16:57 Castle Age
15:13 Town Watch
16:20 Horse Collar
16:40 Gold Mining
25:32 Bloodlines
29:04 Bow Saw
30:50 Wheelbarrow
31:35 Heavy Plow
35:02 Husbandry
35:10 Town Patrol
38:04 Imperial Age
35:33 Fletching
35:49 Padded Archer Armor
35:49 Elite Skirmisher
38:14 Cavalier
40:27 Scale Barding Armor
42:43 Ballistics
43:56 Stone Mining
46:37 Thumb Ring
50:30 Onager
52:42 Bodkin Arrow
52:14 Light Cavalry
54:12 Crop Rotation
54:47 Leather Archer Armor
54:39 Hussar
56:46 Chemistry
58:08 Two-Man Saw
aextropical#0420
6:18 Loom
9:49 Feudal Age
10:51 Horse Collar
11:40 Double-Bit Axe
16:13 Fletching
21:48 Castle Age
20:36 Padded Archer Armor
21:55 Crossbowman
24:09 Forging
24:00 Scale Mail Armor
24:34 Pikeman
31:28 Squires
33:10 Ballistics
35:29 Bodkin Arrow
41:12 Imperial Age
40:57 Iron Casting
41:47 Chain Mail Armor
41:48 Leather Archer Armor
41:50 Arbalester
44:12 Wheelbarrow
44:12 Bracer
45:33 Conscription
45:04 Town Watch
45:36 Hand Cart
46:23 Thumb Ring
47:25 Bow Saw
48:51 Ring Archer Armor
52:45 Chemistry
51:41 Murder Holes
52:22 Elite Skirmisher
53:30 Heavy Plow
53:18 Capped Ram
56:21 Two-Man Saw
56:12 Stone Mining
56:15 Gold Mining
55:55 Elite Plumed Archer
Connection lost

Rejoining the realm…

Still unreachable

The connection could not be restored.

Session expired

The server has moved on; the page needs a fresh start.